 Dungeon Crawl Stone Soup version 0.30-a0-1085-g990a428a5c (webtiles) character file.

Game seed: 973664319754018211

29 CrazyBamboolord the Sneak (level 3, -2/23 HPs)
             Began as a Kobold Delver on Apr 14, 2023.
             Slain by a hound (5 damage)
             ... on level 4 of the Dungeon on Apr 16, 2023.
             The game lasted 00:01:57 (142 turns).

CrazyBamboolord the Sneak (Kobold Delver)            Turns: 142, Time: 00:01:58

Health: -2/23      AC:  3    Str:  9    XL:     3   Next: 32%
Magic:  3/3        EV: 15    Int: 11    God:
Gold:   11         SH:  0    Dex: 18    Spells: 2/2 levels left

rFire   . . .      SeeInvis .    a - +0 short sword
rCold   . . .      Faith    .    (no shield)
rNeg    . . .      Spirit   .    b - +0 leather armour
rPois   .          Reflect  .    (no helmet)
rElec   .          Rampage  .    (no cloak)
rCorr   .                        (no gloves)
Will    .....                    (no boots)
Stlth   +++++                    (no amulet)
HPRegen 0.23/turn                (no ring)
MPRegen 0.08/turn                (no ring)

@: hasted, very quick
A: small, no large weapons, nightstalker 3
a: no special abilities


You were on level 4 of the Dungeon.
You visited 1 branch of the dungeon, and saw 2 of its levels.

You collected 11 gold pieces.

Inventory:

Hand Weapons
 a - a +0 short sword (weapon)
Armour
 b - a +0 leather armour (worn)
Wands
 g - a wand of digging (2)


   Skills:
 * Level 3.6 Fighting
 * Level 3.1 Short Blades
 * Level 2.8 Dodging
 + Level 7.2 Stealth


You had 2 spell levels left.
You didn't know any spells.
Your spell library was empty.

Dungeon Overview and Level Annotations

Branches:
Dungeon (5/15)
 Temple: D:4-7

Altars:


Innate Abilities, Weirdness & Mutations

You are small and have problems with some larger weapons.
You are completely attuned to the shadows.


Message History

The hound closely misses you.
Aiming: Dig
Press: ? - help, Shift-Dir - straight line You can't see that place.
Okay, then.
The hound barely misses you. x2
The hound attacks as you move away! The hound barely misses you.
The hound bites you. The hound bites you. The hound attacks as you move away!
The hound misses you. The hound completely misses you.
The hound attacks as you move away! The hound misses you.
You open the door. The hound barely misses you. x2
The hound attacks as you move away! The hound barely misses you.
There is an open door here.
You feel yourself speed up. The hound bites you.
The hound completely misses you. The hound attacks as you move away!
The hound barely misses you. The hound attacks as you move away!
The hound bites you but does no damage. The hound attacks as you move away!
The hound bites you but does no damage. The hound attacks as you move away!
The hound barely misses you. The hound attacks as you move away!
The hound bites you.
* * * LOW HITPOINT WARNING * * *
The hound bites you.
* * * LOW HITPOINT WARNING * * *
Aiming: Dig
Press: ? - help, Shift-Dir - straight line A rock wall.
The rock shatters into small pieces.
The hound bites you but does no damage.
Found a stone staircase leading up.
Unknown command.
There is a stone staircase leading up here.
The hound misses you.
You climb upwards.
You hear the hiss of flowing sand.
There is an entrance to an ossuary on this level.
Hurry and find it before the portal is buried!
Reactivating autopickup.
There is a stone staircase leading down here.
The hound attacks as you move away! The hound bites you.
You die...

.# .# .#
########.##.
+...@h.>....
#######.###.
#... #.#.#
#.#.#


You could see a hound.

Vanquished Creatures
  An iguana (D:5)
  An orc (D:5)
2 creatures vanquished.

Notes
Turn   | Place    | Note
-------+----------+-------------------------------------------
     0 | D:5      | CrazyBamboolord the Kobold Delver began the quest for the
                  | Orb.
     0 | D:5      | Reached XP level 1. HP: 14/14 MP: 1/1
     0 | D:5      | Upgraded the game from 0.30-a0-1074-g5db6f66fbb to
                  | 0.30-a0-1085-g990a428a5c
    33 | D:5      | Noticed an iguana
    35 | D:5      | Killed an iguana
    36 | D:5      | Reached skill level 7 in Stealth
    36 | D:5      | Reached XP level 2. HP: 19/19 MP: 2/2
    36 | D:5      | Reached XP level 3. HP: 23/23 MP: 3/3
   142 | D:4      | Slain by a hound

Illustrated notes

Levels and vault maps discovered:
D:4:      layout_basic, serial_undead, serial_undead_c, serial_undead_c,
          serial_undead_c, serial_undead_a, enter_ossuary_2, serial_shops,
          nicolae_shop_stone
D:5:      layout_basic, gammafunk_ghost_smash, kennysheep_generic_room_9

Skill      XL: |  1 |
---------------+----+-----
Short Blades   | 3 |  3.1
Stealth        | 7 |  7.2
Fighting       | |  3.6
Dodging        | |  2.8

Action                     || total
---------------------------++-------
  Melee: Short sword       ||    11
  Evoke: Wand              ||     1
    Use: Scroll            ||     3
         Potion            ||     1
   Stab: Sleeping          ||     1
 Armour: Leather armour    ||    11
  Dodge: Dodged            ||    39

Table legend: (Time is in decaauts)
 A = Elapsed time spent in this place.
 B = Non-inter-level travel time spent in this place.
 C = Inter-level travel time spent in this place.
 D = Time resting spent in this place.
 E = Time spent auto-exploring this place.
 F = Levels seen in this place.
 G = Mean time per level.
                   A        B        C        D        E       F      G
               +--------+--------+--------+--------+--------+-----+--------+
         Total |    133 |    133 |      0 |      0 |     19 |   2 |   66.5 |
       Dungeon |    133 |    133 |      0 |      0 |     19 |   2 |   66.5 |
               +--------+--------+--------+--------+--------+-----+--------+

Top non-repeatable levels by time:
     D:5: 130 daAuts
     D:4: 2 daAuts
